[Event "WYCC 2018 G18"]
[Site "Halkidiki"]
[Date "2018.10.24"]
[Round "6"]
[White "Manova, Ivana"]
[Black "Nguyen, Thi Minh Thu"]
[Result "1-0"]
[ECO "C00"]
[WhiteElo "1951"]
[BlackElo "1849"]
[Annotator "NA"]
[PlyCount "37"]
[EventDate "2018.10.20"]
[EventType "swiss"]
[EventCountry "GRE"]
[SourceTitle "playchess.com"]
[Source "ChessBase"]
[SourceQuality "1"]
[TimeControl "40/5400+30:1800+30"]

1. e4 e6 2. d4 c5 3. d5 exd5 4. exd5 d6 5. Nc3 g6 6. Nf3 Bg7 7. Be2 Ne7 8. O-O O-O 9. Bf4 Bf5 10. Qd2 a6 11. a4 b6 12. Nh4 Bc8 13. Ne4 Bxb2 14. Rab1 Be5 15. Bxe5 dxe5 16. Qh6 f6 17. d6 Nf5 18. Bc4+ Kh8 19. Nxg6# 1-0

[Event "WYCC 2018 G18"]
[Site "Halkidiki"]
[Date "2018.10.24"]
[Round "6"]
[White "Koehler, Inken"]
[Black "Radeva, Viktoria"]
[Result "0-1"]
[ECO "B43"]
[WhiteElo "1934"]
[BlackElo "2163"]
[Annotator "NA"]
[PlyCount "92"]
[EventDate "2018.10.20"]
[EventType "swiss"]
[EventCountry "GRE"]
[SourceTitle "playchess.com"]
[Source "ChessBase"]
[SourceQuality "1"]
[TimeControl "40/5400+30:1800+30"]

1. e4 c5 2. Nf3 e6 3. d4 cxd4 4. Nxd4 a6 5. Nc3 Qc7 6. g3 Bb4 7. Bd2 Nc6 8. Nb3 Nf6 9. Bg2 O-O 10. O-O Be7 11. f4 d6 12. g4 b5 13. Kh1 $11 Bb7 14. g5 Nd7 15. Qg4 Rfe8 16. Rae1 Nf8 17. Ne2 Qd7 18. Ned4 Nxd4 19. Nxd4 Rac8 20. c3 d5 21. e5 Bc5 22. Nb3 Bb6 23. Be3 Qc7 24. Qg3 Bxe3 25. Qxe3 Ng6 26. Nd4 Qc4 27. a3 Qc5 28. Rf3 Rc7 29. Rh3 Bc8 30. Bf1 Nf8 31. Bd3 Bd7 32. Qf2 g6 33. Rh6 a5 34. Qd2 b4 35. Nb3 bxc3 36. Qc2 Qb6 37. bxc3 Ba4 38. Rb1 Rb8 39. Nd4 Bxc2 40. Rxb6 Rxb6 41. Bxc2 Rxc3 42. f5 exf5 43. Bxf5 Rb2 44. Bc2 Rcxc2 45. Nxc2 Rxc2 46. Rh3 d4 0-1

[Event "WYCC 2018 G18"]
[Site "Halkidiki"]
[Date "2018.10.24"]
[Round "6"]
[White "Vlkova, Anezka"]
[Black "Antolak, Julia"]
[Result "1/2-1/2"]
[ECO "B24"]
[WhiteElo "1925"]
[BlackElo "2240"]
[Annotator "NA"]
[PlyCount "118"]
[EventDate "2018.10.20"]
[EventType "swiss"]
[EventCountry "GRE"]
[SourceTitle "playchess.com"]
[Source "ChessBase"]
[SourceQuality "1"]
[TimeControl "40/5400+30:1800+30"]

1. e4 c5 2. Nc3 Nc6 3. g3 g6 4. Bg2 Bg7 5. d3 e6 6. Nge2 Nge7 7. O-O O-O 8. Bg5 d6 9. Qd2 Nd4 10. Rab1 {[%emt 0:00:12] B25: Closed Sicilian: 3 g3, lines without early Be3} (10. Rae1 e5 11. Nxd4 cxd4 12. Bxe7 Qxe7 13. Nd5 Qd8 14. f4 Be6 15. f5 Bxd5 16. exd5 Bf6 17. fxg6 hxg6 {0-1 (62) Jobava,B (2730)-Wojtaszek,R (2717) Poznan 2012}) 10... Bd7 11. b4 cxb4 12. Rxb4 Nxe2+ 13. Nxe2 Bc6 $146 ({Predecessor:} 13... Rb8 14. Rfb1 b6 15. c4 Rc8 16. Nc3 Re8 17. a4 f6 {1-0 (42) Kley,T (2195)-Loehr,M (2145) Germany 1998}) 14. d4 f6 15. Be3 d5 16. Nf4 Qd7 17. Bh3 f5 18. e5 Nc8 19. Nd3 Nb6 20. Nc5 Qf7 21. Bh6 Nc4 22. Qg5 Bxh6 23. Qxh6 b6 24. Nd3 Rac8 25. Rc1 Rc7 26. Bf1 Rfc8 27. Ne1 Na5 28. Bd3 Bb7 29. Nf3 Qe7 30. Rcb1 Rc3 31. h4 Qg7 32. Qxg7+ Kxg7 33. Ra4 Bc6 34. Rab4 Bd7 35. R1b2 Ra3 36. Kf1 h6 37. Ke2 Ba4 38. Nd2 Nc6 39. Nb1 Rxd3 40. cxd3 Nxb4 41. Rxb4 Rc2+ 42. Ke3 Bc6 43. a4 Kf8 44. Na3 Ra2 45. Nb5 Bxb5 46. axb5 Ke7 47. Rb1 Kd7 48. Rb3 a6 49. bxa6 $11 Rxa6 50. Rb2 Kc6 51. Kd2 Ra3 52. Rc2+ Kb7 53. Rb2 Ra1 54. Kc3 Rh1 55. Kd2 f4 56. Kc3 Rh2 57. Rb1 Rxf2 58. gxf4 Rg2 59. h5 gxh5 1/2-1/2

[Event "WYCC 2018 G18"]
[Site "Halkidiki"]
[Date "2018.10.24"]
[Round "6"]
[White "Kieu, Bich Thuy"]
[Black "Egyed, Judit"]
[Result "1-0"]
[ECO "E70"]
[WhiteElo "1913"]
[BlackElo "2089"]
[Annotator "NA"]
[PlyCount "77"]
[EventDate "2018.10.20"]
[EventType "swiss"]
[EventCountry "GRE"]
[SourceTitle "playchess.com"]
[Source "ChessBase"]
[SourceQuality "1"]
[TimeControl "40/5400+30:1800+30"]

1. d4 Nf6 2. c4 g6 3. Nc3 Bg7 4. e4 d6 5. Bd3 O-O 6. Nge2 Nc6 7. Bg5 h6 8. Bh4 a6 9. f3 e5 10. d5 Ne7 11. Qd2 Nd7 12. Bc2 Rb8 13. a4 Nb6 14. b3 Bd7 15. O-O g5 16. Bf2 Ng6 17. Kh1 Nc8 18. b4 Nce7 19. Rab1 Qc8 20. c5 Nf4 21. b5 Neg6 22. c6 bxc6 23. bxc6 Rxb1 24. Rxb1 Bh3 25. Nxf4 Nxf4 26. gxh3 Qxh3 27. Bg3 h5 28. Qf2 h4 29. Bxf4 exf4 30. Ne2 Bf6 31. Rg1 Kh8 32. Rg4 Rb8 33. Ng1 Qxg4 34. fxg4 Rb2 35. Nf3 Kg7 36. h3 Kh6 37. Qe2 a5 38. e5 dxe5 39. d6 1-0

[Event "WYCC 2018 G18"]
[Site "Halkidiki"]
[Date "2018.10.24"]
[Round "6"]
[White "Tsivelekidou, Evgenia"]
[Black "Hunt, Fikirte"]
[Result "1/2-1/2"]
[ECO "A45"]
[WhiteElo "1891"]
[BlackElo "1827"]
[Annotator "NA"]
[PlyCount "73"]
[EventDate "2018.10.20"]
[EventType "swiss"]
[EventCountry "GRE"]
[SourceTitle "playchess.com"]
[Source "ChessBase"]
[SourceQuality "1"]
[TimeControl "40/5400+30:1800+30"]

1. d4 Nf6 2. Bf4 g6 3. Nc3 d5 4. e3 Bg7 5. h4 c6 6. Nf3 b5 7. Ne5 Qa5 8. Bd3 b4 9. Ne2 Qb6 10. c3 a5 11. c4 Nbd7 12. c5 Qb7 13. Ng3 Nxe5 14. Bxe5 Qa7 15. Qc2 Ba6 16. Bxa6 Qxa6 17. Rc1 h5 18. Ne2 O-O 19. Nf4 a4 20. Nd3 Qb5 21. Bxf6 Bxf6 22. Qd2 Rab8 23. g3 Rfe8 24. f4 Qb7 25. Nf2 Qd7 26. Qe2 Kg7 27. Kd2 Rh8 28. Rcg1 Qa7 29. Qd3 Qa5 30. Kc1 Qb5 31. Qxb5 Rxb5 32. Nd3 e6 33. Rh2 Be7 34. Kd2 f5 35. Rc1 Rc8 36. Rhh1 Bd8 37. Rhd1 1/2-1/2

[Event "WYCC 2018 G18"]
[Site "Halkidiki"]
[Date "2018.10.24"]
[Round "6"]
[White "Dong, Khanh Linh"]
[Black "Rozman, Monika"]
[Result "0-1"]
[ECO "E09"]
[WhiteElo "1879"]
[BlackElo "2141"]
[Annotator "NA"]
[PlyCount "108"]
[EventDate "2018.10.20"]
[EventType "swiss"]
[EventCountry "GRE"]
[SourceTitle "playchess.com"]
[Source "ChessBase"]
[SourceQuality "1"]
[TimeControl "40/5400+30:1800+30"]

1. d4 d5 2. Nf3 Nf6 3. c4 c6 4. g3 e6 5. Bg2 Be7 6. O-O O-O 7. Nbd2 Nbd7 8. Qc2 b6 9. e4 dxc4 10. Nxc4 Bb7 11. Rd1 Rc8 12. Ne3 Qc7 13. b3 Rfd8 14. Nc4 Qb8 15. Bf4 Qa8 16. Bd6 Bf8 {[%emt 0:01:51] [#]} 17. e5 $16 Ne8 18. Ng5 g6 19. Ne4 c5 20. Bxf8 Kxf8 21. d5 Bxd5 22. Ned6 Bxg2 23. Nxc8 Bh3 24. f4 Qxc8 25. Qd3 Bf5 26. Qf3 h5 27. Ne3 Nb8 28. Nxf5 exf5 29. Rxd8 Qxd8 30. Rd1 Qc7 31. Qd5 Nc6 32. e6 Nd4 33. exf7 Nf6 34. Qa8+ Kxf7 35. b4 Qe7 36. bxc5 bxc5 37. Qg2 Qe3+ 38. Kh1 Ne4 39. Rf1 Qe2 40. Qxe2 Nxe2 41. Rb1 c4 42. Rb2 Nd4 43. Rb4 Nd6 44. Kg2 Ke6 45. Kf2 Kd5 46. Rb8 c3 47. Ke3 c2 48. Kd2 Nc4+ 49. Kc1 Ne3 50. Kd2 Nc4+ 51. Kc1 Ke4 52. Rb7 Kd3 53. Rd7 Nb6 54. Rd8 Na4 0-1

[Event "WYCC 2018 G18"]
[Site "Halkidiki"]
[Date "2018.10.24"]
[Round "6"]
[White "Nemcova, Kamila"]
[Black "Tonso, Liina"]
[Result "0-1"]
[ECO "B03"]
[WhiteElo "1879"]
[BlackElo "1805"]
[Annotator "NA"]
[PlyCount "40"]
[EventDate "2018.10.20"]
[EventType "swiss"]
[EventCountry "GRE"]
[SourceTitle "playchess.com"]
[Source "ChessBase"]
[SourceQuality "1"]
[TimeControl "40/5400+30:1800+30"]

1. e4 Nf6 2. e5 Nd5 3. c4 Nb6 4. d4 d6 5. exd6 cxd6 6. Be3 g6 7. d5 Bg7 8. Bd4 Bxd4 9. Qxd4 O-O 10. Nf3 e5 11. dxe6 Bxe6 12. Be2 Nc6 13. Qf4 d5 14. c5 Nd7 15. b4 a5 16. b5 Nb4 17. Kd1 Nxc5 18. Nbd2 Bf5 19. Nd4 Qf6 20. N2b3 Bc2+ 0-1

[Event "WYCC 2018 G18"]
[Site "Halkidiki"]
[Date "2018.10.24"]
[Round "6"]
[White "Salimova, Asal"]
[Black "Mocanu, Valeria"]
[Result "1-0"]
[ECO "D00"]
[WhiteElo "1870"]
[BlackElo "1800"]
[Annotator "NA"]
[PlyCount "127"]
[EventDate "2018.10.20"]
[EventType "swiss"]
[EventCountry "GRE"]
[SourceTitle "playchess.com"]
[Source "ChessBase"]
[SourceQuality "1"]
[TimeControl "40/5400+30:1800+30"]

1. d4 d5 2. Bf4 Nf6 3. e3 c5 4. Nf3 Nc6 5. c3 Qb6 6. Qc2 Bf5 7. dxc5 Bxc2 8. cxb6 axb6 9. Na3 Bg6 10. Nb5 Rc8 11. Rd1 e6 12. Nd6+ Bxd6 13. Bxd6 Ne4 14. Ba3 Nc5 15. Nd4 O-O 16. Be2 Rfd8 17. O-O Ne5 18. f4 Nc4 19. Bxc4 dxc4 20. g4 Bd3 21. Rfe1 Ne4 22. Bb4 Ra8 23. a3 Nc5 24. Rd2 Be4 25. Red1 Nd3 26. Be7 Rd7 27. Bh4 Rd5 28. h3 e5 29. fxe5 Rxe5 30. Bg3 Re7 31. Bd6 Rd7 32. Bf4 Nxf4 33. exf4 Bd3 34. Re1 Rad8 35. Nf3 f6 36. Kf2 Kf7 37. Re3 Re8 38. Rxe8 Kxe8 39. Ne1 Bg6 40. Rxd7 Kxd7 41. Ke3 Kd6 42. Kd4 b5 43. Ng2 Bf7 44. Ne3 g6 45. g5 fxg5 46. fxg5 Be6 47. h4 b6 48. a4 bxa4 49. Nxc4+ Kc6 50. Nd2 Bd5 51. c4 Bg2 52. Nb1 Bf1 53. Nc3 b5 54. Nxb5 Kb6 55. Nc3 Ka5 56. Kc5 Bh3 57. Nd5 Bf5 58. Nf6 Bd3 59. Nxh7 Be4 60. Nf6 Bf3 61. h5 gxh5 62. g6 Bg4 63. Nxg4 hxg4 64. g7 1-0

[Event "WYCC 2018 G18"]
[Site "Halkidiki"]
[Date "2018.10.24"]
[Round "6"]
[White "Nguyen, Hong Ngoc"]
[Black "Yurdakul, Didem Nuray"]
[Result "1-0"]
[ECO "D04"]
[WhiteElo "1861"]
[BlackElo "1604"]
[Annotator "NA"]
[PlyCount "107"]
[EventDate "2018.10.20"]
[EventType "swiss"]
[EventCountry "GRE"]
[SourceTitle "playchess.com"]
[Source "ChessBase"]
[SourceQuality "1"]
[TimeControl "40/5400+30:1800+30"]

1. d4 d5 2. Nf3 Nf6 3. e3 Bg4 4. Nbd2 e6 5. Be2 Bd6 6. c4 c6 7. h3 Bh5 8. O-O O-O 9. b3 Nbd7 10. Bb2 Re8 11. Ne5 Bxe2 12. Qxe2 Bc7 13. Nxd7 Nxd7 14. e4 e5 15. exd5 exd4 16. Qd3 cxd5 17. cxd5 Nf6 18. Nf3 Qxd5 19. Qxd4 Bb6 20. Qh4 Re4 21. Rad1 Qc6 22. Qg3 Rae8 23. Nd4 Nh5 24. Qf3 Qg6 25. Kh1 Nf4 26. Nb5 Re2 27. Bd4 Bxd4 28. Rxd4 Qb6 29. Rxf4 Qxb5 30. Rc1 R2e7 31. a4 Qe5 32. Rfc4 Qb8 33. Qc3 Kf8 34. Rg4 Qe5 35. Qd3 Kg8 36. Rg3 Qf4 37. Qc3 Qe5 38. Kh2 Qxc3 39. Rgxc3 Kf8 40. Kg3 f6 41. b4 Re4 42. Rc4 Rxc4 43. Rxc4 Kf7 44. h4 Re5 45. Kf4 Re2 46. f3 g6 47. g4 Re5 48. g5 Re7 49. b5 fxg5+ 50. hxg5 Ke8 51. Re4 Rxe4+ 52. fxe4 Kf7 53. Ke5 Ke7 54. a5 1-0

[Event "WYCC 2018 G18"]
[Site "Halkidiki"]
[Date "2018.10.24"]
[Round "6"]
[White "Miller, Rachel"]
[Black "Ramirez Toledo, Ayleen Maribel"]
[Result "1-0"]
[ECO "B01"]
[WhiteElo "1859"]
[BlackElo "1545"]
[Annotator "NA"]
[PlyCount "57"]
[EventDate "2018.10.20"]
[EventType "swiss"]
[EventCountry "GRE"]
[SourceTitle "playchess.com"]
[Source "ChessBase"]
[SourceQuality "1"]
[TimeControl "40/5400+30:1800+30"]

1. e4 d5 2. exd5 Qxd5 3. Nc3 Qa5 4. Bc4 Nf6 5. d3 c6 6. Bd2 Qc7 7. Qe2 Bf5 8. Nf3 e6 9. h3 Nbd7 10. a3 Nb6 11. Ba2 Nbd5 12. Nxd5 Nxd5 13. O-O-O Bd6 14. Nd4 Bg6 15. Rde1 O-O-O 16. h4 e5 17. Bxd5 exd4 18. h5 Bf5 19. Bb3 Qd7 20. h6 gxh6 21. Bxh6 Bg6 22. Bg7 Bf4+ 23. Kb1 Rhe8 24. Qf3 Bc7 25. Bf6 Rxe1+ 26. Rxe1 Rf8 27. Re7 Qd6 28. Bh4 Qf4 29. Bg3 1-0

[Event "WYCC 2018 G18"]
[Site "Halkidiki"]
[Date "2018.10.24"]
[Round "6"]
[White "Muratova, Saltanat"]
[Black "Li, Yilin"]
[Result "1-0"]
[ECO "C88"]
[WhiteElo "1859"]
[BlackElo "1993"]
[Annotator "NA"]
[PlyCount "53"]
[EventDate "2018.10.20"]
[EventType "swiss"]
[EventCountry "GRE"]
[SourceTitle "playchess.com"]
[Source "ChessBase"]
[SourceQuality "1"]
[TimeControl "40/5400+30:1800+30"]

1. e4 e5 2. Nf3 Nc6 3. Bb5 a6 4. Ba4 Nf6 5. O-O Be7 6. Re1 b5 7. Bb3 O-O 8. a4 Rb8 9. c3 d6 10. h3 Na5 11. Bc2 c5 12. d4 Nc6 13. d5 Na5 14. Nbd2 g6 15. b4 Nb7 16. Nf1 Nh5 17. Be3 Qc7 18. axb5 axb5 19. Qe2 Bd7 20. N1h2 Bf6 21. Qd2 Bg7 22. Ng4 f5 23. Nh6+ Kh8 24. exf5 gxf5 25. Nh4 f4 26. Qd3 Nf6 27. Qxh7+ 1-0

[Event "WYCC 2018 G18"]
[Site "Halkidiki"]
[Date "2018.10.24"]
[Round "6"]
[White "Jie, Tianhui"]
[Black "Vanduyfhuys, Daria"]
[Result "1/2-1/2"]
[ECO "E10"]
[WhiteElo "1849"]
[BlackElo "2058"]
[Annotator "NA"]
[PlyCount "90"]
[EventDate "2018.10.20"]
[EventType "swiss"]
[EventCountry "GRE"]
[SourceTitle "playchess.com"]
[Source "ChessBase"]
[SourceQuality "1"]
[TimeControl "40/5400+30:1800+30"]

1. d4 Nf6 2. c4 e6 3. Nf3 d5 4. cxd5 exd5 5. Nc3 c6 6. Qc2 g6 7. Bg5 h6 8. Bh4 Be7 9. e3 Bf5 10. Bd3 Bxd3 11. Qxd3 Nbd7 12. O-O O-O 13. Rab1 Ne4 14. Bxe7 Qxe7 15. b4 a6 16. Nd2 Nxd2 17. Qxd2 Kg7 18. a4 b5 19. a5 f5 20. Rfe1 Rae8 21. Ne2 Qd6 22. Nf4 Nf6 23. f3 Nd7 24. Rbc1 Rf6 25. Rc2 Qe7 26. Rec1 Nb8 27. Kf2 Qd6 28. g3 Nd7 29. Qc3 Qe7 30. Qb3 Nb8 31. Re2 Rd6 32. Nd3 Nd7 33. Rce1 Qf6 34. Qc3 g5 35. Rg1 Rde6 36. Nc5 Nxc5 37. Qxc5 Qe7 38. Qxe7+ R8xe7 39. g4 f4 40. Rge1 Rf6 41. exf4 Rxe2+ 42. Rxe2 Rxf4 43. Ke3 h5 44. h3 h4 45. Rc2 Rf6 {[%emt 0:00:33] Ke4} 1/2-1/2

[Event "WYCC 2018 G18"]
[Site "Halkidiki"]
[Date "2018.10.24"]
[Round "6"]
[White "Perminaite, Guoda"]
[Black "Nass, Sara"]
[Result "1/2-1/2"]
[ECO "B13"]
[WhiteElo "1840"]
[BlackElo "1986"]
[Annotator "NA"]
[PlyCount "84"]
[EventDate "2018.10.20"]
[EventType "swiss"]
[EventCountry "GRE"]
[SourceTitle "playchess.com"]
[Source "ChessBase"]
[SourceQuality "1"]
[TimeControl "40/5400+30:1800+30"]

1. e4 c6 2. d4 d5 3. exd5 cxd5 4. Bd3 g6 5. h3 {[%emt 0:01:11] B13: Caro-Kann: Exchange Variation and Panov-Botvinnik Attack} Nf6 6. c3 Bf5 7. Bxf5 gxf5 8. Bf4 e6 9. Nf3 Nc6 10. Qb3 Qb6 11. Nbd2 $146 ({Predecessor:} 11. Na3 Be7 12. Nb5 Rc8 13. Ne5 Rg8 14. O-O Nxe5 15. Bxe5 Nd7 16. Bf4 a6 {½-½ (62) Vavra,P (2459)-Meduna,E (2482) Czechia 2002}) 11... Rg8 12. Rg1 Nh5 13. Bh2 Bh6 14. g4 fxg4 15. hxg4 Bxd2+ 16. Nxd2 Nf6 17. f3 Kd7 18. O-O-O Qxb3 19. Nxb3 b6 20. Kc2 Rg6 $11 21. Nc1 h5 22. gxh5 Rxg1 23. Rxg1 Nxh5 24. Nd3 Ke7 25. Kd2 Rh8 26. Rg2 f6 27. Ke3 Kf7 28. Bd6 Ng7 29. Kf2 Nf5 30. Rh2 Rxh2+ 31. Bxh2 b5 32. a3 Na5 33. Bc7 Nc4 34. Ke2 a6 35. Bf4 Ne7 36. Bc1 Nc6 37. Nc5 a5 38. a4 b4 39. Kd3 bxc3 40. Kxc3 e5 41. dxe5 fxe5 42. f4 Kf6 1/2-1/2

[Event "WYCC 2018 G18"]
[Site "Halkidiki"]
[Date "2018.10.24"]
[Round "6"]
[White "Cosme Contreras, Trilce"]
[Black "Prakapuk, Vera"]
[Result "0-1"]
[ECO "D63"]
[WhiteElo "1829"]
[BlackElo "1949"]
[Annotator "NA"]
[PlyCount "86"]
[EventDate "2018.10.20"]
[EventType "swiss"]
[EventCountry "GRE"]
[SourceTitle "playchess.com"]
[Source "ChessBase"]
[SourceQuality "1"]
[TimeControl "40/5400+30:1800+30"]

1. d4 Nf6 2. c4 e6 3. Nc3 d5 4. Nf3 Be7 5. Bg5 O-O 6. e3 Nbd7 7. Rc1 b6 8. cxd5 exd5 9. Bd3 Bb7 10. O-O h6 11. Bf4 Nh5 12. Bg3 Nxg3 13. hxg3 c5 14. g4 g6 15. Bb1 Kg7 16. dxc5 Nxc5 17. b4 Ne4 18. a3 Bf6 19. Nd4 Rc8 20. Nce2 Qe7 21. Qd3 Kg8 22. f3 Nd6 23. Kf2 Bg7 24. Ba2 Qh4+ 25. Ng3 Qf6 26. Kg1 Rfe8 27. Nde2 Nc4 28. e4 Ne5 29. Qd2 Rxc1 30. Rxc1 dxe4 31. fxe4 Qh4 32. Qf4 Re7 33. g5 hxg5 34. Qxh4 gxh4 35. Nf1 Bxe4 36. Nf4 Nd3 37. Rc8+ Kh7 38. Nd5 Bxd5 39. Bxd5 Bd4+ 40. Kh2 Nf4 41. Bf3 Re1 42. Rc4 Ne6 43. Nd2 Be5+ 0-1

[Event "WYCC 2018 G18"]
[Site "Halkidiki"]
[Date "2018.10.24"]
[Round "6"]
[White "Cibikova, Sofia Anna"]
[Black "Hng, Mei-En Emmanuelle"]
[Result "0-1"]
[ECO "B23"]
[WhiteElo "1809"]
[BlackElo "2020"]
[Annotator "NA"]
[PlyCount "50"]
[EventDate "2018.10.20"]
[EventType "swiss"]
[EventCountry "GRE"]
[SourceTitle "playchess.com"]
[Source "ChessBase"]
[SourceQuality "1"]
[TimeControl "40/5400+30:1800+30"]

1. e4 c5 2. Nc3 e6 3. g3 Be7 4. Bg2 Nc6 5. Nge2 Nf6 6. O-O d6 7. d3 Bd7 8. h3 h5 9. Be3 Qc7 10. f4 d5 11. exd5 exd5 12. d4 Bf5 13. a3 O-O-O 14. Qc1 Qd7 15. Kh2 Qe6 16. Bf2 Rhe8 17. Re1 Qd7 18. dxc5 $17 h4 19. b4 hxg3+ 20. Bxg3 Rh8 21. Ng1 Bxh3 22. Bxh3 Rxh3+ 23. Nxh3 Rh8 24. Kg2 Qxh3+ 25. Kf2 Ng4+ 0-1

[Event "WYCC 2018 G18"]
[Site "Halkidiki"]
[Date "2018.10.24"]
[Round "6"]
[White "Perry, Tal"]
[Black "Represa Perez, Mireya"]
[Result "0-1"]
[ECO "B22"]
[WhiteElo "1702"]
[BlackElo "2151"]
[Annotator "NA"]
[PlyCount "138"]
[EventDate "2018.10.20"]
[EventType "swiss"]
[EventCountry "GRE"]
[SourceTitle "playchess.com"]
[Source "ChessBase"]
[SourceQuality "1"]
[TimeControl "40/5400+30:1800+30"]

1. e4 c5 2. c3 d5 3. exd5 Qxd5 4. Nf3 Nc6 5. Na3 Bg4 6. Be2 Nf6 7. Nb5 Qd7 8. O-O Rd8 9. d4 a6 10. d5 axb5 11. dxc6 Qxd1 12. Bxd1 bxc6 13. h3 Be6 14. Be3 Bc4 15. Re1 e6 16. Ne5 Bd5 17. a4 Bd6 18. Nd3 c4 19. Nf4 O-O 20. Bc2 Rb8 21. Nxd5 Nxd5 22. a5 Ra8 23. Be4 Ra6 24. Bxd5 cxd5 25. Bb6 Rc8 26. Reb1 Bc5 27. Bxc5 Rxc5 28. b4 cxb3 29. Rxb3 Kf8 30. Kf1 Ke7 31. Ke2 Kd6 32. Kd3 Kc6 33. f4 Rc4 34. g3 Ra4 35. Rxa4 bxa4 36. Ra3 Rxa5 37. Kd4 Kd6 38. c4 dxc4 39. Kxc4 Ra7 40. g4 e5 41. fxe5+ Kxe5 42. Kc5 Ra8 43. Kc6 g6 44. Kb7 Ra5 45. Kb6 Rd5 46. Rxa4 f5 47. Kc6 Rd6+ 48. Kc5 Rd3 49. gxf5 gxf5 50. Rh4 Rd7 51. Kc6 Rf7 52. Rh5 Ke4 53. Kd6 f4 54. Ke6 Ra7 55. Re5+ Kf3 56. Rg5 Kf2 57. h4 f3 58. h5 Ke2 59. Re5+ Kf1 60. Kf6 Ra6+ 61. Kg7 h6 62. Kh7 f2 63. Re8 Rf6 64. Rg8 Ke1 65. Re8+ Kd2 66. Rd8+ Ke2 67. Re8+ Kf3 68. Kg7 Rf4 69. Kxh6 f1=Q 0-1

[Event "WYCC 2018 G18"]
[Site "Halkidiki"]
[Date "2018.10.24"]
[Round "6"]
[White "Ni Mhuireagain, Eibhia"]
[Black "Buchta, Agnieszka"]
[Result "1/2-1/2"]
[ECO "C55"]
[WhiteElo "1655"]
[BlackElo "1879"]
[Annotator "NA"]
[PlyCount "43"]
[EventDate "2018.10.20"]
[EventType "swiss"]
[EventCountry "GRE"]
[SourceTitle "playchess.com"]
[Source "ChessBase"]
[SourceQuality "1"]
[TimeControl "40/5400+30:1800+30"]

1. e4 e5 2. Nf3 Nc6 3. Bc4 Nf6 4. d3 h6 $11 {[%emt 0:00:00] LiveBook: 1067 Games} 5. c3 d6 6. O-O g6 7. Nbd2 Bg7 8. Re1 O-O 9. b4 Qe7 10. Nf1 Bd7 11. a4 Nh7 12. Ne3 Ng5 13. Nxg5 hxg5 14. Nd5 Qd8 15. Qd2 Ne7 16. Qxg5 Nxd5 17. Qxd8 Raxd8 18. Bxd5 c6 19. Bb3 Kh7 20. Be3 a6 21. Bb6 Rc8 22. Rad1 1/2-1/2

[Event "WYCC 2018 G18"]
[Site "Halkidiki"]
[Date "2018.10.24"]
[Round "6"]
[White "Manriquez Abarzua, Maria Belen"]
[Black "Gillis Onieva, Celia"]
[Result "0-1"]
[ECO "C00"]
[WhiteElo "1630"]
[BlackElo "1892"]
[Annotator "NA"]
[PlyCount "132"]
[EventDate "2018.10.20"]
[EventType "swiss"]
[EventCountry "GRE"]
[SourceTitle "playchess.com"]
[Source "ChessBase"]
[SourceQuality "1"]
[TimeControl "40/5400+30:1800+30"]

1. e4 e6 2. d4 d5 3. Bd3 dxe4 4. Bxe4 Nf6 5. Bf3 c5 6. Ne2 Nc6 7. Be3 Qb6 8. b3 Be7 9. O-O O-O 10. Nbc3 Rd8 11. Na4 Qc7 12. c3 cxd4 13. cxd4 Nd5 14. Qc1 Nxe3 15. Qxe3 Bf6 16. Rac1 Qd6 17. Bxc6 bxc6 18. Qf3 Ba6 19. Nac3 Bxd4 20. Rfd1 c5 21. b4 Qe7 22. Nxd4 cxd4 23. Rxd4 Rxd4 24. Qxa8+ Rd8 25. Qc6 Bb7 26. Qc5 Qxc5 27. bxc5 Kf8 28. Nb5 Ke7 29. Nxa7 Ra8 30. Nb5 Rxa2 31. c6 Bxc6 32. Nd4 Bd5 33. f3 Kf6 34. Re1 Bc4 35. Nc6 Bd5 36. Ne5 Rd2 37. Ng4+ Kg6 38. Ne5+ Kf6 39. Ng4+ Kg5 40. Ra1 h5 41. Nf2 Kf5 42. Ra4 g5 43. h4 f6 44. g4+ hxg4 45. fxg4+ Kg6 46. hxg5 Kxg5 47. Ne4+ Bxe4 48. Rxe4 e5 49. Rc4 Rd4 50. Rc6 Rxg4+ 51. Kf2 Ra4 52. Re6 Ra3 53. Ke2 Kf5 54. Re8 Ke4 55. Rb8 Ra2+ 56. Kd1 f5 57. Rb4+ Kd3 58. Rb3+ Kc4 59. Rb8 Kd3 60. Rb3+ Ke4 61. Rb4+ Kf3 62. Rb3+ Kf4 63. Rb5 e4 64. Rc5 e3 65. Rc4+ Kf3 66. Rc3 Kf2 0-1

[Event "WYCC 2018 G18"]
[Site "Halkidiki"]
[Date "2018.10.24"]
[Round "6"]
[White "Booysen, Elda"]
[Black "Sevilla, Julia"]
[Result "0-1"]
[ECO "B54"]
[WhiteElo "1452"]
[BlackElo "1947"]
[Annotator "NA"]
[PlyCount "64"]
[EventDate "2018.10.20"]
[EventType "swiss"]
[EventCountry "GRE"]
[SourceTitle "playchess.com"]
[Source "ChessBase"]
[SourceQuality "1"]
[TimeControl "40/5400+30:1800+30"]

1. e4 c5 2. Nf3 d6 3. d4 cxd4 4. Nxd4 Nf6 $14 {LiveBook: 95920 Games} 5. Bb5+ Nbd7 6. O-O a6 7. Bd3 e6 8. c3 Be7 9. Bc2 O-O 10. Be3 Qc7 11. Nd2 b6 12. f3 Bb7 13. Bf2 Rfd8 14. Qe2 Rac8 15. Rac1 Ne5 16. Bg3 Ng6 17. f4 e5 18. Nf5 exf4 19. Bxf4 Nxf4 20. Rxf4 d5 21. e5 Bc5+ 22. Nd4 Ne4 23. N2f3 Re8 24. Kf1 f6 25. Bxe4 dxe4 26. Qc4+ Kh8 27. Ne6 Qe7 28. Nxc5 Rxc5 29. exf6 gxf6 30. Qd4 exf3 31. gxf3 Qe2+ 32. Kg1 Rg5+ 0-1

[Event "WYCC 2018 G18"]
[Site "Halkidiki"]
[Date "2018.10.24"]
[Round "6"]
[White "Naidoo, Rayna"]
[Black "Belluire, Beatrice"]
[Result "0-1"]
[ECO "A48"]
[WhiteElo "1236"]
[BlackElo "1931"]
[Annotator "NA"]
[PlyCount "120"]
[EventDate "2018.10.20"]
[EventType "swiss"]
[EventCountry "GRE"]
[SourceTitle "playchess.com"]
[Source "ChessBase"]
[SourceQuality "1"]
[TimeControl "40/5400+30:1800+30"]

1. d4 Nf6 2. Nf3 g6 3. Bf4 Bg7 4. e3 d6 5. Be2 Nh5 6. Bg5 h6 7. Bh4 g5 8. Bg3 Nd7 9. Nfd2 Nxg3 10. hxg3 c5 11. Nb3 Qc7 12. N1d2 b6 13. Bf3 Bb7 14. c3 Rc8 15. Bxb7 Qxb7 16. Qf3 Qa6 17. Qe2 Qxe2+ 18. Kxe2 c4 19. Nc1 O-O 20. Kd1 f5 21. Ne2 d5 22. f4 Nf6 23. Nf1 b5 24. a3 a5 25. Nh2 Ne4 26. Rf1 g4 27. Kc2 Rc6 28. Rfb1 Rb8 29. Nf1 e6 30. Nd2 Nd6 31. Nc1 b4 32. axb4 axb4 33. Ne2 Bf8 34. Rh1 Rcb6 35. Rhb1 R8b7 36. Nf1 Kf7 37. Nd2 Kg6 38. Ng1 h5 39. Ne2 Be7 40. Rh1 bxc3 41. bxc3 Rb2+ 42. Kd1 Ne4 43. Nxe4 fxe4 44. Ke1 Rc2 45. Kf2 Rbb2 46. Rhe1 Rxc3 47. Rac1 Rd3 48. Rb1 Rdd2 49. Rxb2 Rxb2 50. Kf1 Bb4 51. Rd1 c3 52. Rc1 c2 53. Rxc2 Rxc2 54. Kf2 Rb2 55. Kf1 Rb1+ 56. Kf2 Be1+ 57. Kf1 Bxg3+ 58. Nc1 Rxc1+ 59. Ke2 Rc2+ 60. Kf1 h4 0-1

[Event "WYCC 2018 G18"]
[Site "Halkidiki"]
[Date "2018.10.26"]
[Round "7"]
[White "Garcia Martin, Marta"]
[Black "Tarini Goyal"]
[Result "1-0"]
[ECO "B12"]
[WhiteElo "2329"]
[BlackElo "2026"]
[Annotator "NA"]
[PlyCount "81"]
[EventDate "2018.10.20"]
[EventType "swiss"]
[EventCountry "GRE"]
[SourceTitle "playchess.com"]
[Source "ChessBase"]
[SourceQuality "1"]
[TimeControl "40/5400+30:1800+30"]

1. e4 c6 2. d4 d5 3. e5 Bf5 4. Nc3 e6 5. g4 Bg6 6. Nge2 c5 7. h4 h5 8. Nf4 Bh7 9. g5 Bf5 10. dxc5 Nc6 11. Nxh5 a6 12. Ng3 d4 13. Nxf5 exf5 14. Ne2 Qd5 15. Rh3 O-O-O 16. f4 Bxc5 17. a3 Nge7 18. Qd3 Qe6 19. Bd2 Nd5 20. Qc4 Ba7 21. O-O-O Kb8 22. Qb3 Rc8 23. Bg2 Nce7 24. Be1 Qc6 25. Nxd4 Qc4 26. Bf2 Qxb3 27. Rxb3 g6 28. Nxf5 gxf5 29. Bxa7+ Kxa7 30. Bxd5 Nxd5 31. Rxd5 Rxh4 32. Rd7 Rh1+ 33. Kd2 Rh2+ 34. Kd3 Rh3+ 35. Kd4 Rxb3 36. cxb3 Rf8 37. e6 fxe6 38. g6 Rf6 39. Rg7 Rf8 40. Ke5 Rh8 41. Rh7 1-0